Map: Dreamcatcher LE

Players

Optimus

  • Race: Terran Terran
  • Spawn Location: 5:00

Namshar - Winner!

  • Race: Zerg Zerg
  • Spawn Location: 11:00

Event: WCS Austin 2018

VOD

Have the link to the VOD?

Description

Time

  • Played on: June 1, 2018, 5:10 p.m.
  • Length: 8:40

All games in this series

Show
View Real Time Build Order
Export as new Build Order

Optimus Terran 

Build Orders: Liberator Opening, Reaper Expand, MMM Bio 

Get SALT Encoding   

  12  0:00  SCV  
  13  0:12  SCV  
  14  0:17  Supply Depot  
  14  0:25  SCV  
  15  0:39  SCV  
  15  0:41  Barracks  
  16  0:43  Refinery  
  16  0:51  SCV  
  17  1:03  SCV  
  18  1:15  SCV  
  19  1:28  Orbital Command, Reaper  
  20  1:40  Command Center  
  20  1:48  Supply Depot  
  20  1:53  SCV  
  21  2:00  Marine  
  22  2:04  Factory  
  22  2:07  SCV  
  23  2:13  Refinery  
  23  2:20  SCV  
  23  2:21  Barracks Reactor  
  24  2:32  SCV  
  25  2:44  SCV  
  26  2:50  Starport  
  26  2:52  Orbital Command  
  26  2:56  SCV  
  27  3:01  Hellion x2  
  27  3:02  Barracks Tech Lab  
  31  3:08  SCV  
  32  3:17  SCV  
  32  3:19  Supply Depot  
  33  3:20  SCV  
  33  3:23  Hellion  
  36  3:30  SCV  
  36  3:31  Liberator  
  36  3:32  SCV  
  40  3:42  Supply Depot, SCV  
  40  3:44  Hellion, SCV  
  40  3:45  Hellion  
  40  3:47  Barracks Tech Lab  
  44  3:54  SCV  
  48  3:56  SCV  
  49  4:06  SCV  
  49  4:08  SCV  
  49  4:09  Marine  
  52  4:11  Barracks  
  52  4:12  Stimpack  
  52  4:13  Factory Reactor  
  52  4:15  Barracks  
  52  4:18  Supply Depot, SCV  
  52  4:20  SCV  
  54  4:28  Engineering Bay, Marine  
  54  4:30  SCV  
  56  4:35  SCV  
  57  4:38  Refinery  
  57  4:42  Starport Reactor, SCV  
  58  4:48  SCV  
  58  4:49  Marine  
  60  4:54  SCV  
  60  4:57  Siege Tank  
  60  4:59  Barracks  
  64  5:00  Barracks, SCV  
  64  5:04  Marine x2  
  64  5:06  Marine  
  69  5:07  Marine  
  69  5:14  Refinery, Marine  
  70  5:15  Terran Infantry Weapons Level 1  
  70  5:16  Supply Depot  
  70  5:17  Supply Depot  
  70  5:29  Marine x3  
  70  5:30  SCV x2  
  70  5:32  Marine x2  
  70  5:35  Siege Tank  
  68  5:38  Medivac x2  
  68  5:41  Supply Depot  
  68  5:42  SCV  
  71  5:46  SCV  
  71  5:47  Marine x3  
  71  5:49  Supply Depot  
  75  5:50  Barracks Reactor x2  
  75  5:54  Marine x2  
  77  6:03  Supply Depot  
  77  6:05  Marine  
  77  6:06  Marine  
  77  6:07  Marine, Siege Tank  
  83  6:11  Marine  
  83  6:12  Combat Shields  
  83  6:15  Marine, Supply Depot  
  85  6:22  Medivac x2  
  85  6:23  Marine  
  85  6:24  Marine  
  85  6:25  Supply Depot  
  92  6:27  Marine x2  
  92  6:29  Marine x2  
  92  6:31  Marine  
  97  6:32  Marine  
  97  6:34  Marauder  
  99  6:42  Marine x2  
  99  6:44  Siege Tank  
  99  6:45  Marine x2  
  106  6:49  Supply Depot  
  106  6:50  Marine  
  106  6:51  Marine x2  
  109  6:57  Medivac x2  
  109  6:59  Marauder  
  114  7:03  Supply Depot  
  114  7:13  Marine x7  
  121  7:25  Siege Tank  
  124  7:31  Concussive Shells, Medivac x2  
  128  7:38  Marine x8  
  136  7:51  Supply Depot  
  136  7:52  Supply Depot  
  136  7:56  Marauder  
  136  7:57  Siege Tank  
  141  8:00  Marine  
  142  8:07  Supply Depot  
  142  8:13  Marine x7  
  142  8:18  Marauder, Marine  
Show
View Real Time Build Order
Export as new Build Order

Namshar Zerg - Winner!

Build Orders: Hatch First 

Get SALT Encoding   

  12  0:00  Drone  
  13  0:12  Overlord  
  13  0:17  Drone  
  14  0:31  Drone x2  
  14  0:34  Drone  
  17  0:51  Hatchery  
  17  0:54  Drone  
  17  0:57  Drone  
  18  1:04  Extractor  
  17  1:12  Spawning Pool  
  17  1:15  Drone  
  17  1:19  Drone  
  18  1:28  Drone  
  19  1:39  Drone  
  20  1:49  Overlord  
  20  1:59  Queen  
  22  2:02  Queen  
  22  2:03  Zergling x4  
  22  2:06  Metabolic Boost  
  26  2:13  Drone, Zergling x2  
  29  2:22  Drone  
  29  2:27  Drone  
  30  2:36  Drone  
  32  2:37  Drone, Queen  
  32  2:40  Queen  
  36  2:44  Overlord  
  36  2:49  Overlord  
  36  3:02  Drone x2  
  38  3:06  Drone  
  38  3:11  Drone x3  
  38  3:12  Drone x4  
  46  3:32  Drone x3  
  46  3:33  Hatchery, Drone  
  49  3:44  Overlord  
  49  3:45  Roach Warren  
  49  3:47  Zergling x4  
  50  3:51  Extractor  
  49  3:57  Overlord  
  49  3:58  Overlord  
  49  3:59  Zergling x2  
  49  4:00  Zergling x4  
  52  4:04  Queen  
  52  4:06  Drone  
  52  4:07  Drone  
  56  4:20  Drone x2  
  56  4:21  Zergling x2  
  59  4:26  Drone x6  
  59  4:30  Lair  
  65  4:38  Evolution Chamber x2  
  64  4:43  Drone  
  64  4:44  Drone  
  65  4:47  Queen  
  65  4:51  Overlord  
  68  4:52  Drone  
  68  4:53  Drone  
  68  4:59  Drone x3  
  73  5:00  Drone  
  73  5:10  Drone x4  
  77  5:14  Zerg Ground Armor Level 1, Zerg Melee Weapons Level 1  
  77  5:16  Baneling Nest  
  77  5:19  Drone  
  77  5:20  Drone x5  
  82  5:23  Extractor x2  
  71  5:36  Drone x6  
  77  5:46  Drone x2  
  77  5:47  Drone x2  
  77  5:48  Drone  
  82  5:50  Extractor  
  82  5:53  Drone  
  82  5:54  Overlord x2  
  82  5:55  Overlord  
  82  6:03  Overlord  
  82  6:04  Hatchery  
  81  6:06  Centrifical Hooks  
  81  6:08  Hydralisk Den  
  81  6:10  Extractor  
  79  6:13  Zergling x2  
  79  6:14  Zergling x12  
  86  6:22  Zergling x14  
  92  6:27  Queen  
  92  6:29  Queen  
  92  6:32  Zergling x4  
  98  6:34  Baneling x3  
  98  6:35  Baneling x3  
  98  6:47  Zergling x8  
  99  6:48  Baneling x3  
  99  6:49  Baneling  
  99  6:51  Grooved Spines  
  102  6:59  Zergling x22  
  113  7:06  Baneling x2  
  113  7:11  Hydralisk  
  113  7:15  Hydralisk x2  
  114  7:21  Zergling x4  
  114  7:22  Baneling x7  
  120  7:25  Overlord  
  120  7:26  Overlord x3  
  120  7:35  Hydralisk  
  120  7:36  Zergling x4  
  119  7:41  Baneling  
  119  7:42  Baneling x7  
  119  7:43  Baneling x2  
  119  7:46  Hydralisk x3  
  119  7:47  Zergling x14  
  119  7:50  Zergling x4  
  119  7:51  Zergling x6  
  137  7:54  Baneling x5  
  137  7:57  Zergling x2  
  136  7:59  Queen x2  
  140  8:09  Hydralisk  
  140  8:10  Zergling x8  
  144  8:16  Overlord  
  144  8:17  Overlord x3  
Tags
 
Add a new tag
Caveats
  • Supply blocks, unpowered buildings, or Contaminate may cause inaccurate times.
  • Supply counts are checked every 10 seconds.